 Dungeon Crawl Stone Soup version 0.31-a0-198-g2ad674f65e (webtiles) character file.

Game seed: 3777833147078743422

823 qw the Skirmisher (level 7, -1/40 HPs)
             Began as a Deep Elf Hunter on June 25, 2023.
             Was a Follower of Okawaru.
             Shot with an arrow by a centaur (12 damage)
             ... on level 5 of the Dungeon.
             The game lasted 00:01:46 (4271 turns).

qw the Skirmisher (Deep Elf Hunter)                 Turns: 4271, Time: 00:01:47

Health: -1/40      AC: 12    Str:  7 (10) XL:     7   Next: 64%
Magic:  7/9        EV: 13    Int: 13 (14) God:    Okawaru [*.....]
Gold:   268        SH:  0    Dex: 18      Spells: 6/6 levels left

rFire   + . .        Y - +0 shortbow
rCold   . . .        (shield currently unavailable)
rNeg    . . .        c - +3 ring mail {rF+}
rPois   .            b - +2 helmet
rElec   .            (no cloak)
rCorr   .            (no gloves)
SInv    +            (no boots)
Will    .....        k - amulet of faith
Stlth   +++          (no ring)
HPRegen 0.26/turn    (no ring)
MPRegen 0.11/turn

%: clarity, faith
@: about to teleport, heroic
A: see invisible, clarity, low MP 1
a: Renounce Religion, Heroism


You were on level 5 of the Dungeon.
You worshipped Okawaru.
Okawaru was aware of your devotion.
You visited 2 branches of the dungeon, and saw 6 of its levels.

You collected 268 gold pieces.


Innate Abilities, Weirdness & Mutations

You have supernaturally acute eyesight. (SInv)
You possess an exceptional clarity of mind.
Your magical capacity is low. (-10% MP)


   Skills:
 - Level 2.2(7.2) Fighting
 + Level 11.3(16.3) Ranged Weapons
 - Level 1.3(6.3) Armour
 - Level 3.0(8.0) Dodging
 - Level 1.2(6.2) Stealth
 + Level 2.0 Invocations


You had 6 spell levels left.
You didn't know any spells.
Your spell library was empty.

Inventory:

Hand Weapons
 Y - a +0 shortbow (weapon)
Armour
 b - a +2 helmet (worn)
 c - a +3 ring mail of fire resistance (worn)
Jewellery
 i - a ring of flight
 k - an amulet of faith (around neck)
Scrolls
 f - a scroll of brand weapon {unknown}
 j - a scroll of identify
 p - a scroll of fog {unknown}
Potions
 a - 3 potions of curing
 d - 2 potions of haste
 e - a potion of cancellation
 g - 4 potions of mutation
 h - a potion of lignification {unknown}
 l - a potion of resistance {unknown}
 n - a potion of berserk rage {unknown}
 o - a potion of might {unknown}

Dungeon Overview and Level Annotations

Branches:
Dungeon (5/15)             Temple (1/1) D:4

Altars:
Dithmenos
Elyvilon
Hepliaklqana
Makhleb
Nemelex Xobeh
Okawaru
Qazlal
Sif Muna
Xom
Yredelemnul
Zin
The Shining One

Annotations:
D:3 3 runed translucent doors, qw's ghost, amateur DEHu


Message History

Enter note:
Enter note:
Enter note:
Enter note: You shoot an arrow.
The arrow hits the centaur.
The centaur is lightly wounded.
The centaur wields a +0 orcbow.
The centaur shoots an arrow.
The arrow hits you but does no damage.
You shoot an arrow. The arrow barely misses the centaur.
The centaur shoots an arrow.
The arrow hits you.
You shoot an arrow. The arrow hits the centaur!
The centaur is heavily wounded.
You shoot an arrow. The arrow closely misses the centaur.
The centaur shoots an arrow.
The arrow hits you.
You shoot an arrow. The arrow closely misses the centaur.
The centaur shoots an arrow.
The arrow hits you!
4265 ||| INVOKING Heroism.
You gain the combat prowess of a mighty hero.
The centaur shoots an arrow.
The arrow hits you but does no damage.
You shoot an arrow. The arrow hits the centaur.
The centaur is heavily wounded.
The centaur shoots an arrow.
The arrow hits you but does no damage.
You shoot an arrow. The arrow barely misses the centaur.
The centaur shoots an arrow.
The arrow hits you!
You shoot an arrow.
The arrow hits the centaur but does no damage.
The centaur is heavily wounded.
The centaur shoots an arrow.
The arrow hits you.
4269 ||| READING scroll of teleportation.
As you read the scroll of teleportation, it crumbles to dust.
You feel strangely unstable.
The centaur shoots an arrow.
The arrow barely misses you.
The centaur shoots an arrow.
The arrow closely misses you.
You shoot an arrow. The arrow hits the centaur.
The centaur is severely wounded.
The centaur shoots an arrow.
The arrow closely misses you.
You shoot an arrow. The arrow hits the centaur.
The centaur is almost dead.
The centaur shoots an arrow.
The arrow hits you!
You die...

#..# #?........# #..##
##.#.......#
#.#.###.####....##
#.##.......#)...#
#.###.#.##.##.#.#
#######.# #.#.##.##.#.##
........# #.............
.....c..#####.#####.####
#..####@.# ### #.### #.
#...# #...## ?###.#
#.###.# .. ..# #.. #...
#.. .#####.. #... #..
#.. #.. #... ##. ##
.[..#.###.# ## .###.
.###. .## # .#.###.#.
...#


You could see a centaur.

Vanquished Creatures
  A black bear (D:5)
  An ogre (D:5)
  2 phantoms
  A scorpion (D:4)
  A hound (D:5)
  2 jellies (D:3)
  4 iguanas
  Robin (D:2)
  6 gnolls
  2 adders (D:5)
  2 ufetubi
  3 worms
  3 dart slugs
  7 orcs
  8 bats
  12 endoplasms
  5 giant cockroaches
  16 goblins
  9 hobgoblins
  7 jackals
  23 kobolds
  4 quokkas
  5 ball pythons
  4 frilled lizards
129 creatures vanquished.

Notes
Turn   | Place    | Note
-------+----------+-------------------------------------------
     0 | D:1      | qw the Deep Elf Hunter began the quest for the Orb.
     0 | D:1      | Reached XP level 1. HP: 12/12 MP: 3/3
     0 | D:1      | 0 ||| qw: Version: 0.3-a-22-g0ed2b0b
     0 | D:1      | 0 ||| qw: Game counter: 4863
     0 | D:1      | 0 ||| qw: Melee chars always use a shield: true
     0 | D:1      | 0 ||| qw: God list: Okawaru
     0 | D:1      | 0 ||| qw: Allow faded altars: false
     0 | D:1      | 0 ||| qw: Do Orc after clearing Dungeon:15 true
     0 | D:1      | 0 ||| qw: Do second Lair branch before Depths: true
     0 | D:1      | 0 ||| qw: Lair rune preference: random
     0 | D:1      | 0 ||| qw: Goals: Normal
     0 | D:1      | 0 ||| PLANNING D:1-11
   131 | D:1      | Reached skill level 6 in Ranged Weapons
   131 | D:1      | Reached XP level 2. HP: 16/16 MP: 4/4
   438 | D:1      | Reached XP level 3. HP: 20/20 MP: 5/5
   648 | D:1      | Found a faded altar of an unknown god.
   845 | D:1      | 845 ||| READING scroll labelled YSOATUAD ELIX.
   846 | D:1      | 846 ||| DRINKING 3 golden potions.
   846 | D:1      | Gained mutation: You possess an exceptional clarity of
                  | mind. [potion of mutation]
   846 | D:1      | Gained mutation: Your magical capacity is low. (-10% MP)
                  | [potion of mutation]
   846 | D:1      | Gained mutation: You have supernaturally acute eyesight.
                  | (SInv) [potion of mutation]
   847 | D:1      | 847 ||| DROPPING scroll of butterflies.
   929 | D:2      | Reached skill level 7 in Ranged Weapons
  1083 | D:2      | Noticed Robin
  1085 | D:2      | 1085 ||| FLEEEEING.
  1086 | D:2      | 1086 ||| FLEEEEING.
  1087 | D:2      | 1087 ||| FLEEEEING.
  1095 | D:2      | Killed Robin
  1098 | D:2      | Reached XP level 4. HP: 18/25 MP: 5/5
  1172 | D:2      | HP: 6/25 [worm (8)]
  1629 | D:2      | 1629 ||| UPGRADING to +0 helmet.
  1634 | D:2      | 1634 ||| UPGRADING to +0 ring mail.
  1644 | D:2      | 1644 ||| DROPPING +0 leather armour.
  1645 | D:2      | 1645 ||| DROPPING amulet of magic regeneration.
  1646 | D:2      | 1646 ||| READING scroll labelled UDWEBR MOREA.
  1647 | D:2      | 1647 ||| READING scroll labelled LUOJUO ROAHYLO.
  1650 | D:2      | 1650 ||| DRINKING 3 brown potions.
  1839 | D:3      | Reached skill level 8 in Ranged Weapons
  1841 | D:3      | Found a runed translucent gate.
  1841 | D:3      | Found a runed translucent gate.
  1841 | D:3      | Found a runed translucent gate.
  1844 | D:3      | Noticed qw's ghost (amateur DEHu)
  1953 | D:3      | Reached XP level 5. HP: 29/29 MP: 6/6
  2003 | D:3      | Noticed a phantom
  2017 | D:3      | Killed a phantom
  2018 | D:3      | Reached skill level 9 in Ranged Weapons
  2124 | D:3      | Found a white marble altar of Elyvilon.
  2321 | D:3      | Reached XP level 6. HP: 34/35 MP: 7/7
  2624 | D:3      | 2624 ||| UPGRADING to +2 ring mail of fire resistance.
  2634 | D:3      | 2634 ||| DROPPING +0 ring mail.
  2635 | D:3      | 2635 ||| DROPPING +0 leather armour of poison resistance.
  2636 | D:3      | 2636 ||| DROPPING +0 robe of fire resistance.
  2637 | D:3      | 2637 ||| UPGRADING to amulet of faith.
  2642 | D:3      | 2642 ||| READING scroll labelled TAIPEKLIEKK.
  2703 | D:3      | 2703 ||| DRINKING 2 fizzy dark potions.
  2704 | D:3      | 2704 ||| READING 2 scrolls of identify.
  2704 | D:3      | 2704 ||| IDENTIFYING fizzy orange potion
  2705 | D:3      | 2705 ||| DROPPING potion of degeneration.
  2809 | D:4      | Found a staircase to the Ecumenical Temple.
  2810 | D:4      | 2810 ||| PLANNING TEMPLE
  2837 | Temple   | Entered the Ecumenical Temple
  2843 | Temple   | 2843 ||| PLANNING OKAWARU WORSHIP
  2995 | Temple   | Became a worshipper of Warmaster Okawaru
  2996 | Temple   | 2996 ||| PLANNING D:1-11
  3124 | D:4      | Reached skill level 10 in Ranged Weapons
  3294 | D:4      | Found a basalt altar of Yredelemnul.
  3300 | D:4      | Reached skill level 1 in Armour
  3631 | D:4      | 3631 ||| READING scroll labelled OBIAPH JUIPAI.
  3632 | D:4      | 3632 ||| READING 2 scrolls of identify.
  3632 | D:4      | 3632 ||| IDENTIFYING sedimented emerald potion
  3634 | D:4      | 3634 ||| Stepping ~*~*~tactically~*~*~ (cloud).
  3754 | D:5      | Entered Level 5 of the Dungeon
  3755 | D:5      | 3755 ||| PLANNING OSSUARY
  3800 | D:5      | Reached * piety under Okawaru
  3801 | D:5      | Reached XP level 7. HP: 26/40 MP: 8/8
  3872 | D:5      | 3872 ||| INVOKING Heroism.
  3882 | D:5      | Reached skill level 11 in Ranged Weapons
  3941 | D:5      | 3941 ||| INVOKING Heroism.
  3947 | D:5      | Reached skill level 3 in Dodging
  3947 | D:5      | Reached skill level 1 in Invocations
  4040 | D:5      | 4040 ||| READING 3 scrolls of enchant armour.
  4040 | D:5      | 4040 ||| ENCHANTING +0 helmet.
  4041 | D:5      | 4041 ||| READING 2 scrolls of enchant armour.
  4041 | D:5      | 4041 ||| ENCHANTING +1 helmet.
  4042 | D:5      | 4042 ||| READING scroll of enchant armour.
  4042 | D:5      | 4042 ||| ENCHANTING +2 ring mail of fire resistance.
  4265 | D:5      | 4265 ||| INVOKING Heroism.
  4268 | D:5      | HP: 10/40 [centaur/arrow (5)]
  4269 | D:5      | 4269 ||| READING scroll of teleportation.
  4271 | D:5      | Shot with an arrow by a centaur

Levels and vault maps discovered:
D:1:      dpeg_arrival_renting, layout_basic, chequers_ecumenical_altar_grove
D:2:      layout_loops_ring, hangedman_decor_opposing, uniq_robin
D:3:      cheibrodos_fertilizer, layout_basic,
          mainiacjoe_overflow_surrounded_room, gammafunk_ghost_split,
          nrook_loot_triangle, st_stairs_7
D:4:      layout_gridville, mainiacjoe_overflow_24_doors,
          minmay_temple_entry_steel_oval, saegor_snake_ambush
D:5:      nicolae_cairo_tiling, layout_loops_ring, mainiacjoe_overflow_swirl,
          enter_ossuary_4
Temple:   chequers_temple_sunken

Skill      XL: |  1  2  3  4  5  6  7 |
---------------+----------------------+-----
Ranged Weapons | 6 7 8 9 10 11 | 11.3
Fighting       | 2 |  2.2
Armour         | 1 |  1.3
Dodging        | 3 |  3.0
Invocations    | 2 |  2.0
Stealth        | |  1.2

Action                     |  1- 3 |  4- 6 |  7- 9 || total
---------------------------+-------+-------+-------++-------
   Fire: Shortbow          |   120 |   238 |    62 ||   420
 Invoke: Heroism           |       |       |     3 ||     3
    Use: Scroll            |     1 |     6 |     4 ||    11
         Potion            |     1 |     2 |       ||     3
 Armour: Leather armour    |     5 |       |       ||     5
         Ring mail         |       |    43 |    13 ||    56
  Dodge: Dodged            |    24 |    61 |    26 ||   111

Table legend:
 A = Non-vault XP
 B = Vault XP
 C = Vault XP percentage of total XP
 D = Non-vault monster count
 E = Vault monster count
 F = Vault count percentage of total count
                 A         B        C        D         E       F
            +---------+---------+-------+---------+---------+-------
      Total |    1032 |     145 |  12.3 |     101 |      28 |  21.7
            +---------+---------+-------+---------+---------+-------
        D:1 |      61 |       0 |   0.0 |      33 |       0 |   0.0
        D:2 |      43 |      27 |  38.6 |      20 |       7 |  25.9
        D:3 |     185 |     117 |  38.7 |      20 |      20 |  50.0
        D:4 |     259 |       1 |   0.4 |      16 |       1 |   5.9
        D:5 |     484 |       0 |   0.0 |      12 |       0 |   0.0
            +---------+---------+-------+---------+---------+-------
